 Dungeon Crawl Stone Soup version 0.31-a0-441-g867994ef1c (webtiles) character file.

Game seed: 7172848975135348484

19030 jasper the Black Belt (level 13, 0/113 HPs)
             Began as a Meteoran Shapeshifter on Aug 2, 2023.
             Was a Believer of Nemelex Xobeh.
             Slain by a skyshark (3 damage)
             ... on level 3 of the Lair of Beasts.
             The game lasted 00:16:33 (4926 turns).

jasper the Black Belt (Meteoran Shapeshifter)       Turns: 4926, Time: 00:16:34

Health: 0/113      AC: 10    Str: 17    XL:     13   Next: 29%
Magic:  18/18      EV: 17    Int: 11    God:    Nemelex Xobeh [**....]
Gold:   426        SH:  5    Dex: 19    Spells: 12/12 levels left

rFire   + .          .
                       - Unarmed
rCold   . . .        (no shield)
rNeg    . . .        f - +5 ring mail {rF+}
rPois   .            (helmet currently unavailable)
rElec   .            (cloak currently unavailable)
rCorr   +            (gloves currently unavailable)
SInv    .            (boots currently unavailable)
Will    +....        m - amulet of reflection
Stlth   +            r - ring of resist corrosion
HPRegen 0.38/turn    (no ring)
MPRegen 0.16/turn

%: reflection
@: beast-form, glowing
A: beast (slay +6), sense surroundings 2, otherworldly, glowing, explore regen
a: Begin Untransformation, Renounce Religion, Draw Escape, Draw Destruction,
Draw Summoning


You were on level 3 of the Lair of Beasts.
You worshipped Nemelex Xobeh.
Nemelex Xobeh was pleased with you.
You were a hulking beast.
You visited 2 branches of the dungeon, and saw 13 of its levels.
You also visited: Sewer.

You collected 426 gold pieces.

Inventory:

Hand Weapons
 h - the +5 scythe "Finisher" {speed, execute}
   (You found it in a sewer)
Missiles
 G - 5 curare-tipped darts
Armour
 a - a +0 animal skin
 e - a +0 chain mail
 f - a +5 ring mail of fire resistance (worn)
 n - a +2 helmet
 o - a +0 pair of boots
 q - +0 acid dragon scales
 D - the +2 cloak "Kowiug" {Str+6}
   (You found it on level 10 of the Dungeon)

   Str:       It affects your strength (+6).
Jewellery
 m - an amulet of reflection (around neck)
 r - a ring of resist corrosion (left hand)
 x - a +6 ring of intelligence
 B - an amulet of faith
 C - a +6 ring of intelligence
Talismans
 c - a beast talisman (active)
Wands
 b - a wand of flame (23)
 g - a wand of paralysis (9)
 p - a wand of mindburst (16)
 t - a wand of acid (1)
 u - a wand of roots (2)
 F - a wand of digging (6)
Scrolls
 i - a scroll of blinking
 v - a scroll of noise
 w - 2 scrolls of identify
 y - a scroll of fear
 A - 4 scrolls of fog
Potions
 d - 2 potions of mutation
 j - 2 potions of enlightenment
 k - 2 potions of degeneration
 l - 3 potions of attraction
 s - 2 potions of heal wounds {unknown}
 E - 2 potions of haste {unknown}
Miscellaneous
 z - a phantom mirror (inert)


   Skills:
 + Level 9.9 Fighting
 + Level 11.1 Dodging
 * Level 15.3 Unarmed Combat
 + Level 5.8 Invocations
 - Level 2.1 Evocations
 + Level 9.7 Shapeshifting


You had 12 spell levels left.
You didn't know any spells.
Your spell library contained the following spells:

 Spells                   Type           Power      Damage    Failure   Level
 Slow                     Hex            0%         N/A       54%         1
 Sting                    Tmut/Pois      0%         1d3       54%         1
 Poisonous Vapours        Pois/Air       0%         N/A       69%         2
 Confusing Touch          Hex            0%         N/A       89%         3
 Vampiric Draining        Necr           0%         2d6       89%         3
 Olgreb's Toxic Radiance  Pois           0%         N/A       100%        4


Dungeon Overview and Level Annotations

Branches:
Dungeon (10/15) Zot: 2079    Lair (3/5) D:9 Zot: 1112   Swamp (0/4) Lair:3
 Spider (0/4) Lair:2        Sewer (visited)
 Temple: D:4-7          Orc: D:9-12

Altars:
Dithmenos
Elyvilon
Nemelex Xobeh
Uskayaw
Wu Jian
Zin

Shops:
D:6 :

Annotations:
D:7 3 runed translucent doors, cforsyth's ghost, novice GnAr


Innate Abilities, Weirdness & Mutations

You are a hulking beast.
Your limbs bulge with bestial killing power. (Slay +6)
You passively map the area around you.
You are easily found by Zot.
You glow in the dark.
You regain HP and MP as you explore.


Message History

The elephant is severely wounded.
The elephant tramples you but does no damage.
The elephant barely misses you.
You pummel the elephant!!
You kill the elephant!
You feel sick.
You take 1 damage, and have 36/113 hp.
You pummel the skyshark!!
The skyshark is moderately wounded.
You feel sick.
You are no longer poisoned.
The skyshark barely misses you. The skyshark closely misses you.
The skyshark barely misses you.
You closely miss the skyshark.
The skyshark is moderately wounded.
The skyshark bites you!
* * * LOW HITPOINT WARNING * * *
The skyshark tastes blood and grows stronger!
The skyshark misses you. The skyshark closely misses you.
You hit the skyshark.
The skyshark is heavily wounded.
The skyshark closely misses you.
The skyshark tail-slaps you but does no damage. x2
You punch the skyshark!
The skyshark is severely wounded.
You take 9 damage, and have 27/113 hp.
You barely miss the skyshark. Your punch misses the skyshark.
The skyshark is severely wounded.
The skyshark bites you.
* * * LOW HITPOINT WARNING * * *
The skyshark enters a blood-rage!
The skyshark tail-slaps you.
* * * LOW HITPOINT WARNING * * *
The skyshark closely misses you.
You punch the skyshark!
The skyshark is severely wounded.
The skyshark bites you!!
* * * LOW HITPOINT WARNING * * *
The skyshark completely misses you. The skyshark tail-slaps you.
You die...
Your body glows slightly brighter and disappears.

##.........### ,, , *
#P.##......## * ,, , *
##..###......# * . , * , *
#..###.......# * ,,.. , ,
#...##...>...# , .. *
###...#........##, .# *
#....###......#.# .# *
##...##........l##..#* *
#..##.$.......#h..# *
##..###........#...# , *
#....##.......##..P# ,
....P.........##...#
......#.......#...## * ,
..............P....###* ,
....(...............#.###### ,
....................#......#* ,
...................P##.#†#.#.#.#


You could see a skyshark (berserk).

Vanquished Creatures
  A hydra (Lair:2)
  2 two-headed ogres (D:10)
  A lindwurm (Lair:1)
  Pikel (D:9)
  3 elephants (Lair:3)
  Joseph (D:7)
  A black mamba (Lair:3)
  Maggie (D:6)
  2 komodo dragons
  2 rime drakes
  2 kobold demonologists (D:9)
  4 cane toads
  2 trolls
  A polar bear (Lair:3)
  5 blink frogs (Lair:1)
  2 culicivoras (Lair:2)
  A wraith (D:10)
  Eustachio (D:4)
  2 fire elementals (D:10)
  22 yaks
  5 wyverns
  2 basilisks (Lair:1)
  A steam dragon (D:8)
  An orc warrior (D:7)
  4 water moccasins
  An ice beast (D:7)
  A sky beast (D:6)
  3 black bears
  2 ogres
  3 wolves (D:9)
  A phantom (D:6)
  2 kobold brigands (D:9)
  2 gnoll sergeants
  5 scorpions
  7 bullfrogs
  10 wights
  21 killer bees
  3 orc priests
  2 hounds
  2 sleepcaps
  3 iguanas
  5 orc wizards
  8 gnolls
  12 adders
  2 river rats (D:4)
  A shadow imp (D:7)
  2 worms (D:4)
  A dart slug (D:1)
  18 orcs
  3 endoplasms
  10 giant cockroaches
  5 goblins
  A hobgoblin (D:1)
  6 jackals
  2 quokkas
  5 ball pythons
  2 bats
  11 frilled lizards
  A kobold (D:9)
  4 rats
237 creatures vanquished.

Vanquished Creatures (collateral kills)
  Sonja (Lair:3)
1 creature vanquished.

Grand Total: 238 creatures vanquished

Notes
Turn   | Place    | Note
-------+----------+-------------------------------------------
     0 | D:1      | jasper the Meteoran Shapeshifter began the quest for the
                  | Orb.
     0 | D:1      | Reached XP level 1. HP: 16/16 MP: 2/2
    73 | D:1      | Reached XP level 2. HP: 23/23 MP: 3/3
    84 | D:1      | Reached skill level 4 in Unarmed Combat
   180 | D:2      | Reached XP level 3. HP: 28/28 MP: 4/4
   381 | D:3      | Reached XP level 4. HP: 36/36 MP: 5/5
   412 | D:3      | Identified the +12 trident "Mattezof" {chaos, Fragile rCorr
                  | Int+5 Dex+3}
   412 | D:3      | Identified the +0 ring mail "Juegoggav" {+Inv rN+ Regen+}
   412 | D:3      | Noticed a gnoll sergeant
   550 | D:4      | Reached XP level 5. HP: 24/41 MP: 6/6
   652 | D:4      | Reached skill level 5 in Unarmed Combat
   656 | D:4      | Found a glowing drain.
   663 | Sewer    | Entered a sewer
   824 | Sewer    | Found the +5 scythe "Finisher" {speed, execute}
   848 | Sewer    | Noticed a bullfrog
   849 | Sewer    | Noticed a bullfrog
   857 | Sewer    | Killed a bullfrog
   858 | Sewer    | Reached XP level 6. HP: 34/50 MP: 7/7
   965 | D:4      | Noticed Eustachio
   985 | D:4      | Killed Eustachio
   986 | D:4      | Reached skill level 6 in Unarmed Combat
   986 | D:4      | Reached XP level 7. HP: 38/57 MP: 8/8
  1219 | D:5      | Entered Level 5 of the Dungeon
  1263 | D:5      | Reached skill level 7 in Unarmed Combat
  1263 | D:5      | Reached skill level 5 in Shapeshifting
  1263 | D:5      | Reached XP level 8. HP: 36/66 MP: 9/9
  1402 | D:5      | Reached skill level 5 in Dodging
  1608 | D:6      | Reached skill level 8 in Unarmed Combat
  1639 | D:6      | Gained mutation: You passively map the area around you.
                  | [Meteoran growth]
  1639 | D:6      | Reached XP level 9. HP: 6/73 MP: 10/10
  1674 | D:6      | Noticed Maggie
  1705 | D:6      | Killed Maggie
  1706 | D:6      | Reached skill level 5 in Fighting
  1706 | D:6      | Reached skill level 9 in Unarmed Combat
  1778 | D:6      | Found a hide-covered altar of Uskayaw.
  1780 | D:6      | Found a white marble altar of Elyvilon.
  1820 | D:6      | Found an ornate altar of the Wu Jian Council.
  1820 | D:6      | Found a glowing silver altar of Zin.
  1821 | D:6      | Found a shadowy altar of Dithmenos.
  1864 | D:6      | Found Moevevv Keiq's Book Boutique.
  2172 | D:7      | Reached XP level 10. HP: 78/83 MP: 11/11
  2291 | D:7      | Found a runed translucent gate.
  2293 | D:7      | Found a runed translucent gate.
  2325 | D:7      | Reached skill level 10 in Unarmed Combat
  2414 | D:7      | Identified the +6 plate armour of Limited Liability {Dex+4}
  2415 | D:7      | Found a runed translucent gate.
  2420 | D:7      | Noticed cforsyth's ghost (novice GnAr)
  2439 | D:7      | Noticed Joseph
  2456 | D:7      | Killed Joseph
  2750 | D:8      | Reached skill level 11 in Unarmed Combat
  3000 | D:9      | Noticed Pikel
  3005 | D:9      | Killed Pikel
  3087 | D:9      | Reached XP level 11. HP: 13/92 MP: 12/12
  3121 | D:9      | Reached skill level 12 in Unarmed Combat
  3187 | D:9      | HP: 10/208 [yak (5)]
  3416 | D:9      | Noticed a smoke demon
  3421 | D:9      | Reached skill level 13 in Unarmed Combat
  3470 | D:9      | Found a staircase to the Lair.
  3619 | D:10     | Entered Level 10 of the Dungeon
  3658 | D:10     | Found a sparkling altar of Nemelex Xobeh.
  3676 | D:10     | Became a worshipper of Nemelex Xobeh the Trickster
  3677 | D:10     | Noticed a two-headed ogre
  3715 | D:10     | Killed a two-headed ogre
  3822 | D:10     | Noticed a two-headed ogre
  3830 | D:10     | Killed a two-headed ogre
  3831 | D:10     | Reached skill level 1 in Invocations
  3933 | D:10     | Found a transporter.
  3958 | D:10     | Noticed a fire crab
  3959 | D:10     | Found a transporter.
  3961 | D:10     | Noticed a fire crab
  4040 | D:10     | Reached XP level 12. HP: 82/103 MP: 12/14
  4044 | D:10     | Identified the +2 cloak "Kowiug" {Str+6}
  4203 | Lair:1   | Entered Level 1 of the Lair of Beasts
  4203 | Lair:1   | Reached * piety under Nemelex Xobeh
  4262 | Lair:1   | Reached skill level 10 in Dodging
  4318 | Lair:1   | Received a gift from Nemelex Xobeh
  4333 | Lair:1   | Reached skill level 14 in Unarmed Combat
  4354 | Lair:1   | Noticed a lindwurm
  4363 | Lair:1   | Killed a lindwurm
  4459 | Lair:2   | Noticed an eight-headed hydra
  4483 | Lair:2   | Identified the +0 quarterstaff of Havoc {heavy, rPois}
  4492 | Lair:2   | Killed an eight-headed hydra
  4699 | Lair:2   | Found a hole to the Spider Nest.
  4778 | Lair:3   | Reached skill level 5 in Invocations
  4778 | Lair:3   | Reached XP level 13. HP: 96/111 MP: 17/17
  4827 | Lair:3   | Reached skill level 15 in Unarmed Combat
  4848 | Lair:3   | Noticed Sonja
  4852 | Lair:3   | Killed Sonja
  4875 | Lair:3   | Reached ** piety under Nemelex Xobeh
  4926 | Lair:3   | HP: 3/113 [skyshark (20)]
  4926 | Lair:3   | Slain by a skyshark

Illustrated notes

Levels and vault maps discovered:
D:1:      tarquinn_simple_flora_water_e, layout_rooms, minmay_fountain_box
D:2:      layout_basic, ebering_ecumenical_altar_sacrificial, serial_park_tiny_2
D:3:      minmay_octagon_keep, layout_basic, gammafunk_ghost_gnarly_gnolls
D:4:      layout_loops_ring, nicolae_sif_muna_little_library,
          minmay_temple_entry_fiery, lightli_sewer_entry_pipes, uniq_eustachio
D:5:      layout_basic
D:6:      layout_basic, nicolae_overflow_hidden_temple, serial_shops,
          nicolae_shop_tiny_waterfront, uniq_maggie
D:7:      layout_cave_pods, biasface_ghost_orc_armoury, minivault_23,
          uniq_joseph
D:8:      layout_loops_ring, kennysheep_flooded_box
D:9:      layout_basic, minmay_lair_entry_grove, kennysheep_generic_room_14,
          uniq_pikel
D:10:     gammafunk_cloud_chamber, layout_small_grid,
          mainiacjoe_overflow_tiny_flanked
Lair:1:   statuecave_lemuel, layout_chaotic_city
Lair:2:   lemuel_slime, layout_cave_pods, hellmonk_spider_entry_life_and_decay
Lair:3:   beargit_carnivore_pack, layout_hall_layers,
          nicolae_swamp_entry_spooky, st_stairs_13, grunt_megastairs_3,
          uniq_sonja

Skill      XL: |  1  2  3  4  5  6  7  8  9 10 11 12 13 |
---------------+----------------------------------------+-----
Unarmed Combat | 4 5 6 7 8 9 11 13 14 15 | 15.3
Dodging        | 3 4 5 6 8 9 10 11 | 11.1
Fighting       | 2 3 4 5 7 8 9 |  9.9
Shapeshifting  | 4 5 6 7 8 9 |  9.7
Evocations     | 2 |  2.1
Invocations    | 1 5 |  5.8

Action                     |  1- 3 |  4- 6 |  7- 9 | 10-12 | 13-15 || total
---------------------------+-------+-------+-------+-------+-------++-------
  Melee: Unarmed           |    50 |   143 |   198 |   389 |    54 ||   834
         Punch             |     1 |     7 |    16 |    41 |     2 ||    67
 Invoke: Draw Destruction  |       |       |       |     4 |       ||     4
         Draw Escape       |       |       |       |     1 |       ||     1
         Draw Summoning    |       |       |       |     1 |       ||     1
  Evoke: Wand              |       |       |     2 |    11 |     2 ||    15
         Phantom mirror    |       |       |       |       |     1 ||     1
    Use: Scroll            |       |     4 |     4 |     9 |       ||    17
         Potion            |       |       |       |     5 |       ||     5
   Stab: Paralysed         |       |       |     6 |       |       ||     6
 Armour: Animal skin       |    10 |       |       |       |       ||    10
         Chain mail        |     6 |       |       |       |       ||     6
         Ring mail         |     7 |    76 |    56 |   124 |    12 ||   275
         Skin              |       |       |       |    14 |       ||    14
  Dodge: Dodged            |    25 |   102 |    88 |   237 |    35 ||   487
  Block: Other             |       |       |    32 |    80 |     9 ||   121
         Reflection        |       |       |       |     2 |       ||     2

Table legend: (Time is in decaauts)
 A = Elapsed time spent in this place.
 B = Non-inter-level travel time spent in this place.
 C = Inter-level travel time spent in this place.
 D = Time resting spent in this place.
 E = Time spent auto-exploring this place.
 F = Levels seen in this place.
 G = Mean time per level.
                   A        B        C        D        E       F      G
               +--------+--------+--------+--------+--------+-----+--------+
         Total |   4870 |   4545 |    325 |     89 |   1880 |  14 |  347.9 |
       Dungeon |   3920 |   3595 |    325 |     89 |   1698 |  10 |  392.0 |
          Lair |    687 |    687 |      0 |      0 |    163 |   3 |  229.0 |
         Sewer |    262 |    262 |      0 |      0 |     18 |   1 |  262.0 |
               +--------+--------+--------+--------+--------+-----+--------+

Top non-repeatable levels by time:
     D:7: 653 daAuts
     D:9: 614 daAuts
    D:10: 556 daAuts
     D:4: 476 daAuts
     D:8: 433 daAuts
     D:6: 360 daAuts
     D:5: 290 daAuts
  Lair:2: 285 daAuts
   Sewer: 262 daAuts
     D:3: 201 daAuts
  Lair:1: 201 daAuts
  Lair:3: 200 daAuts
     D:2: 189 daAuts
     D:1: 144 daAuts
